 Dungeon Crawl Stone Soup version 0.23-a0-490-ge7ea69a (webtiles) character file.

216 Firecrotchwizard the Chopper (level 5, -4/47 HPs)
             Began as a Minotaur Fighter on Dec 2, 2018.
             Slain by Sigmund
             ... wielding a +0 scythe of venom
              (7 damage)
             ... on level 3 of the Dungeon.
             The game lasted 00:03:11 (2351 turns).

Firecrotchwizard the Chopper (Minotaur Fighter)     Turns: 2351, Time: 00:03:12

Health: -4/47      AC:  9    Str: 26    XL:     5   Next: 61%
Magic:  4/4        EV:  6    Int:  6    God:
Gold:   171        SH: 10    Dex:  9    Spells: 4/4 levels left

rFire    . . .     SeeInvis .   a - +0 war axe
rCold    . . .     Gourm    .   c - +0 shield
rNeg     . . .     Faith    .   x - +0 chain mail
rPois    .         Spirit   .   (helmet restricted)
rElec    .         Reflect  .   (no cloak)
rCorr    .         Harm     .   (no gloves)
MR       .....                  (no boots)
Stlth    ..........             (no amulet)
HPRegen  0.15/turn              (no ring)
MPRegen  0.09/turn              (no ring)

@: mighty, lethally poisoned (-4 -> -20)
A: retaliatory headbutt, horns 2
a: no special abilities


You were on level 3 of the Dungeon.
You were not hungry.

You visited 1 branch of the dungeon, and saw 3 of its levels.

You collected 171 gold pieces.

Inventory:

Hand Weapons
 a - a +0 war axe (weapon)
Missiles
 p - 4 javelins (quivered)
Armour
 b - a +0 scale mail
 c - a +0 shield (worn)
 w - a +0 pair of gloves
   (You found it on level 3 of the Dungeon)
 x - a +0 chain mail (worn)
   (You found it on level 3 of the Dungeon)
Scrolls
 h - 3 scrolls of fear {unknown}
 i - 2 scrolls of fog {unknown}
 k - 2 scrolls of noise {unknown}
 m - 3 scrolls of identify {unknown}
 n - 7 scrolls of remove curse {unknown}
 o - a scroll of blinking {unknown}
 s - 2 scrolls of enchant weapon {unknown}
 t - a scroll of teleportation {unknown}
 y - 2 scrolls of amnesia {unknown}
Potions
 e - 4 potions of curing {unknown}
 j - 2 potions of heal wounds {unknown}
 l - 2 potions of lignification {unknown}
 q - a potion of ambrosia {unknown}
 r - a potion of invisibility {unknown}
 u - 2 potions of degeneration {unknown}
 v - a potion of mutation {unknown}
Comestibles
 f - 5 rations
 g - 5 chunks of flesh {@w0}


   Skills:
 + Level 4.9 Fighting
 * Level 5.3 Axes
 - Level 3.6 Armour
 + Level 4.9 Shields


You had 4 spell levels left.
You didn't know any spells.
Your spell library was empty.

Dungeon Overview and Level Annotations

Branches:
Dungeon (3/15)

Altars:
Elyvilon

Annotations:
D:3 Sigmund


Innate Abilities, Weirdness & Mutations

You reflexively headbutt those who attack you in melee.
You have a pair of horns on your head.


Message History

Autoeating chunks.
Eating a chunk of flesh {@w0}.
You eat the chunk of flesh {@w0}.
You butcher the hobgoblin corpse of Robin.
g - 2 chunks of flesh {@w0}
Items here: ) [[ ÷÷ a +0 short sword; a +0 animal skin; a +0 helmet; a hobgoblin skeleton the hobgoblin skeleton of Robin
Items here: ) [[ ÷÷ a +0 short sword; a +0 animal skin; a +0 helmet; a hobgoblin skeleton the hobgoblin skeleton of Robin You butcher the goblin corpse.
g - 4 chunks of flesh {@w0} (gained 2)
Items here: ( ))) ÷ a +0 dagger; a +0 club; a +0 hunting sling; 23 stones; a goblin skeleton
Items here: ( ))) ÷ a +0 dagger; a +0 club; a +0 hunting sling; 23 stones; a goblin skeleton You butcher the goblin corpse.
g - 5 chunks of flesh {@w0} (gained 1)
You see here a goblin skeleton. x2
Items here: ( ))) ÷ a +0 dagger; a +0 club; a +0 hunting sling; 23 stones; a goblin skeleton
Items here: ) [[ ÷÷ a +0 short sword; a +0 animal skin; a +0 helmet; a hobgoblin skeleton the hobgoblin skeleton of Robin
Items here: ) [[ ÷÷ a +0 short sword; a +0 animal skin; a +0 helmet; a hobgoblin skeleton the hobgoblin skeleton of Robin
Items here: ( ))) ÷ a +0 dagger; a +0 club; a +0 hunting sling; 23 stones; a goblin skeleton You see here a goblin skeleton.
You see here a stone.
y - 2 scrolls labeled TIK ZUASERATAM (gained 1)
A rat comes into view.
Health restored: 47 A rat is nearby!
A rat is nearby!
A rat is nearby!
The rat twitches its whiskers.
You hit the rat. Your headbutt misses the rat.
The rat bites you but does no damage. You block the rat's attack.
You barely miss the rat. You headbutt the rat.
You kill the rat!
Sigmund the Dreaded comes into view.
He is wielding a +0 scythe of venom.
You aren't carrying any items that you can evoke.
Throwing (i - inventory)
p - 5 javelins (quivered)
Aim: Sigmund, wielding a +0 scythe of venom and wearing a +0 robe You throw a javelin.
The javelin barely misses Sigmund.
Sigmund barely misses you. Sigmund hits you but does no damage.
You are poisoned.
You slash Sigmund!
You feel sick. Sigmund casts a spell at you.
You are confused.
You take 1 damage, and have 46/47 hp.
You closely miss Sigmund. Your headbutt misses Sigmund.
You feel sick.
Sigmund hits you with a +0 scythe of venom.
You take 4 damage, and have 42/47 hp.
You hit Sigmund but do no damage. Your headbutt misses Sigmund.
You feel sick.
Sigmund mumbles some strange words.
Sigmund flickers and vanishes!
Deactivating autopickup; reactivate with Ctrl-A.
You take 1 damage, and have 41/47 hp.
You hit something but do no damage. Your headbutt misses something.
You feel sick. Something hits you but does no damage.
You are more poisoned.
You bump into the rock wall.
You feel sick. Something hits you!
You take 8 damage, and have 33/47 hp.
You're too confused to move!
You feel sick.
You take 1 damage, and have 32/47 hp.
You bump into the rock wall.
You feel less confused.
You feel sick. Something hits you but does no damage.
You take 1 damage, and have 31/47 hp.
You slice something!! You headbutt something.
You feel sick. Something hits you!
You take 13 damage, and have 18/47 hp.
MASSIVE DAMAGE!!
You miss something.
You feel sick.
You hear some strange, mumbled words.
A magic dart appears from out of thin air!
The magic dart hits you!
* * * LOW HITPOINT WARNING * * *
You take 4 damage, and have 14/47 hp.
You hit something but do no damage. Your headbutt misses something.
You feel sick.
You hear some strange, mumbled words.
A puff of flame appears from out of thin air!
The puff of flame hits you!
* * * LOW HITPOINT WARNING * * *
You take 5 damage, and have 9/47 hp.
You miss something. Your headbutt misses something.
You feel sick. Something hits you.
* * * LOW HITPOINT WARNING * * *
You are more poisoned.
You take 4 damage, and have 5/47 hp.
You feel very mighty all of a sudden.
* * * LOW HITPOINT WARNING * * *
You feel sick. Something hits you!
You die...

..# #.# ..# #.# ###
#.# # .# ## .# .#
.# ########## .#
......{@.#
#################.#
.........# #.#
########.# #.# #.#
#.# #.# #.#
##.########.#
#...........#
##.########.#


There were no monsters in sight!

Vanquished Creatures
  Robin (D:3)
  6 gnolls
  4 adders
  5 worms
  3 dart slugs
  4 leopard geckos
  5 giant cockroaches
  8 goblins
  12 hobgoblins
  13 jackals
  8 bats
  2 frilled lizards (D:1)
  5 kobolds
  10 rats
86 creatures vanquished.

Notes
Turn   | Place    | Note
-------+----------+-------------------------------------------
     0 | D:1      | Firecrotchwizard the Minotaur Fighter began the quest for
                  | the Orb.
     0 | D:1      | Reached XP level 1. HP: 19/19 MP: 0/0
   120 | D:1      | Reached skill level 3 in Axes
   120 | D:1      | Reached XP level 2. HP: 27/27 MP: 1/1
   230 | D:1      | Reached skill level 4 in Fighting
   230 | D:1      | Reached skill level 4 in Shields
   271 | D:1      | Reached XP level 3. HP: 33/33 MP: 2/2
   624 | D:2      | Reached skill level 4 in Axes
   753 | D:2      | Reached XP level 4. HP: 39/41 MP: 3/3
  1232 | D:2      | Found a white marble altar of Elyvilon.
  1311 | D:2      | Reached XP level 5. HP: 47/47 MP: 4/4
  1494 | D:2      | Reached skill level 5 in Axes
  2189 | D:3      | Noticed Robin
  2207 | D:3      | Killed Robin
  2337 | D:3      | Noticed Sigmund
  2349 | D:3      | HP: 9/47 [something/puff of flame (5)]
  2351 | D:3      | HP: 3/47 [poisoned by Sigmund]
  2351 | D:3      | Slain by Sigmund

Vault maps used:
D:1:      saegor_arrival_simple_d
D:2:      elyvilon_altar_5, serial_forest, infiniplex_forest_lined_corner,
          infiniplex_forest_end_1, infiniplex_forest_lined_room_,
          infiniplex_forest_lined_ring, infiniplex_forest_lined_room_2,
          st_stairs_10, grunt_decor_cap, corexii_shack
D:3:      uniq_robin, uniq_sigmund

Skill      XL: |  1  2  3  4  5 |
---------------+----------------+-----
Axes           | 3 4 5 |  5.3
Fighting       | 4 |  4.9
Shields        | 4 |  4.9
Armour         | |  3.6

Action                   |  1- 3 |  4- 6 || total
-------------------------+-------+-------++-------
Melee: War axe           |    80 |    94 ||   174
       Headbutt          |    12 |    11 ||    23
Throw: Javelin           |     1 |    33 ||    34
  Use: Potion            |       |     1 ||     1
  Eat: Chunk             |       |     5 ||     5
Armor: Scale mail        |    33 |    28 ||    61
       Chain mail        |       |     9 ||     9
Dodge: Dodged            |    31 |    27 ||    58
Block: Shield            |    64 |    44 ||   108

Table legend:
 A = Non-vault XP
 B = Vault XP
 C = Vault XP percentage of total XP
 D = Non-vault monster count
 E = Vault monster count
 F = Vault count percentage of total count
                 A         B        C        D         E       F
            +---------+---------+-------+---------+---------+-------
      Total |     273 |      36 |  11.7 |      75 |      11 |  12.8
            +---------+---------+-------+---------+---------+-------
        D:1 |      76 |       0 |   0.0 |      29 |       0 |   0.0
        D:2 |     158 |       8 |   4.8 |      34 |       4 |  10.5
        D:3 |      39 |      28 |  41.8 |      12 |       7 |  36.8
            +---------+---------+-------+---------+---------+-------

Vault maps used:
D:1:      saegor_arrival_simple_d
D:2:      elyvilon_altar_5, serial_forest, infiniplex_forest_lined_corner,
          infiniplex_forest_end_1, infiniplex_forest_lined_room_,
          infiniplex_forest_lined_ring, infiniplex_forest_lined_room_2,
          st_stairs_10, grunt_decor_cap, corexii_shack
D:3:      uniq_robin, uniq_sigmund

Table legend:
 A = Turns spent in this place as a percentage of turns spent in the entire game.
 B = Non-inter-level travel turns spent in this place as a percentage of non-inter-level travel turns spent in the entire game.
 C = Inter-level travel turns spent in this place as a percentage of turns spent in this place.
 D = Turns resting spent in this place as a percentage of non-inter-level travel turns spent in this place.
 E = Turns spent auto-exploring this place as a percentage of non-inter-level travel turns spent in this place.
 F = Non-inter-level travel turns spent in this place divided by the number of levels of this place that you've seen.
                   A       B       C       D       E      F
               +-------+-------+-------+-------+-------+----------------------
         Total | 100.0 | 100.0 |   1.8 |   7.8 |  73.4 | 769.3
       Dungeon | 100.0 | 100.0 |   1.8 |   7.8 |  73.4 | 769.3
               +-------+-------+-------+-------+-------+----------------------

Table legend:
 A = Kills in this place as a percentage of kills in entire the game.
 B = Kills by you in this place as a percentage of kills by you in the entire game.
 C = Kills by friends in this place as a percentage of kills by friends in the entire game.
 D = Other kills in this place as a percentage of other kills in the entire game.
 E = Experience gained in this place as a percentage of experience gained in the entire game.
 F = Experience gained in this place divided by the number of levels of this place that you have seen.
                   A       B       C       D       E      F
               +-------+-------+-------+-------+-------+----------------------
         Total | 100.0 | 100.0 |   N/A |   N/A | 100.0 | 103.0
       Dungeon | 100.0 | 100.0 |   N/A |   N/A | 100.0 | 103.0
               +-------+-------+-------+-------+-------+----------------------
